 Dungeon Crawl Stone Soup version 0.29.1-1-gd02db6906a (webtiles) character file.

Game seed: 15396528971960401556

44 safid the Shooter (level 3, 0/31 HPs)
             Began as a Minotaur Hunter on Sept 28, 2022.
             Slain by a gnoll
             ... wielding a +0 flail
              (7 damage)
             ... on level 2 of the Dungeon.
             The game lasted 00:01:37 (861 turns).

safid the Shooter (Minotaur Hunter)                  Turns: 861, Time: 00:01:38

Health: 0/31       AC:  3    Str: 15    XL:     3   Next: 39%
Magic:  2/2        EV: 12    Int:  6    God:
Gold:   53         SH:  0    Dex: 15    Spells: 2/2 levels left

rFire   . . .      SeeInvis .   a - +0 shortbow
rCold   . . .      Faith    .   (shield currently unavailable)
rNeg    . . .      Spirit   .   c - +0 leather armour
rPois   .          Reflect  .   (helmet restricted)
rElec   .          Harm     .   (no cloak)
rCorr   .          Rampage  .   (no gloves)
Will    .....                   (no boots)
Stlth   +.........              (no amulet)
HPRegen 0.10/turn               (no ring)
MPRegen 0.08/turn               (no ring)

@: no status effects
A: horns 2, retaliatory headbutt
a: no special abilities


You were on level 2 of the Dungeon.
You visited 1 branch of the dungeon, and saw 2 of its levels.

You collected 53 gold pieces.

Inventory:

Hand Weapons
 a - a +0 shortbow (weapon)
Armour
 c - a +0 leather armour (worn)
Jewellery
 g - a ring of positive energy
Scrolls
 b - a scroll of immolation
 d - 4 scrolls of identify {unknown}
 e - a scroll of blinking {unknown}
Potions
 f - 2 potions of brilliance {unknown}


   Skills:
 - Level 3.0 Fighting
 + Level 5.5 Ranged Weapons
 - Level 2.1 Dodging
 - Level 0.7 Stealth


You had 2 spell levels left.
You didn't know any spells.
Your spell library contained the following spells:

 Spells                   Type           Power      Damage    Failure   Level
 Chain Lightning          Conj/Air       0%         N/A       100%        9
 Fire Storm               Conj/Fire      0%         5d1       100%        9
 Shatter                  Erth           0%         3d5*      100%        9


Dungeon Overview and Level Annotations

Branches:
Dungeon (2/15)

Altars:

Shops:
D:1 (


Innate Abilities, Weirdness & Mutations

You have a pair of horns on your head.
You reflexively headbutt those who attack you in melee.


Message History

a +0 dagger; a kobold corpse A gnoll, an adder and a ball python come into view.
There are monsters nearby!
You shoot an arrow. The ball python hisses angrily.
The arrow hits the ball python.
You kill the ball python!
The gnoll shouts!
You hear a shout!
You shoot an arrow. The arrow misses the adder.
The adder barely misses you.
You shoot an arrow. The arrow closely misses the adder.
The adder barely misses you.
A gnoll comes into view. It is wielding a +0 halberd.
The adder barely misses you.
You shoot an arrow. The gnoll shouts!
The arrow hits the adder!
You kill the adder!
You shoot an arrow.
The arrow hits the gnoll but does no damage.
A gnoll comes into view. It is wielding a +0 spear.
You shoot an arrow. The arrow hits the gnoll.
The gnoll is moderately wounded.
The gnoll barely misses you.
You shoot an arrow. The arrow hits the gnoll.
The gnoll is severely wounded.
The gnoll closely misses you.
You shoot an arrow. The arrow barely misses the gnoll.
The gnoll misses you.
The gnoll hits you from afar with a +0 halberd! x2
* * * LOW HITPOINT WARNING * * *
You are too injured to fight recklessly!
You are too injured to fight recklessly!
You are too injured to fight recklessly!
You are too injured to fight recklessly!
You are too injured to fight recklessly!
You are too injured to fight recklessly!
Unknown command.
The gnoll attacks as you move away! The gnoll barely misses you.
The gnoll attacks as you move away! The gnoll misses you.
The gnoll attacks as you move away! The gnoll hits you with a +0 flail!
You die...

#..#.# #.##.#
#..#.#####.##.#
#..#.#......#.#
#..#......#...#
#.†#.........########
#..#................#
####....g.......######.#
.!...............####
#####.....gg@....)..#
......#####.##.###.# #
###### #.##.# #.# #
#.##. #.# # #.##. #.# #
#.##. #.# # #.##.
#.######### #.##.
#........## ########.##


You could see 3 gnolls.

Vanquished Creatures
  An adder (D:2)
  3 endoplasms
  A giant cockroach (D:1)
  4 jackals (D:1)
  4 kobolds
  A quokka (D:1)
  4 ball pythons
  4 bats (D:1)
  3 frilled lizards (D:1)
  5 goblins (D:1)
  3 rats
33 creatures vanquished.

Notes
Turn   | Place    | Note
-------+----------+-------------------------------------------
     0 | D:1      | safid the Minotaur Hunter began the quest for the Orb.
     0 | D:1      | Reached XP level 1. HP: 18/18 MP: 0/0
   159 | D:1      | Reached XP level 2. HP: 25/25 MP: 1/1
   170 | D:1      | Found Kuots's Antique Weapon Emporium.
   310 | D:1      | Reached skill level 5 in Ranged Weapons
   655 | D:1      | Reached XP level 3. HP: 31/31 MP: 2/2
   861 | D:2      | Slain by a gnoll

Illustrated notes

Levels and vault maps discovered:
D:1:      spicycebolla_green_bress_n_ham_2, layout_loops_ring, serial_shops,
          shop
D:2:      layout_loops_ring, uniq_natasha

Skill      XL: |  1  2 |
---------------+-------+-----
Fighting       | 3 |  3.0
Ranged Weapons | 5 |  5.5
Dodging        | |  2.1
Stealth        | |  0.7

Action                   || total
-------------------------++-------
 Fire: Shortbow          ||    84
Armor: Leather armour    ||     7
Dodge: Dodged            ||    32
